[Event "WYCC U18 Girls 2019"]
[Site "Mumbai"]
[Date "2019.10.10"]
[Round "9.6"]
[White "Harshini A"]
[Black "Nomindalai Tumurbaatar"]
[Result "1/2-1/2"]
[ECO "C41"]
[WhiteElo "2230"]
[BlackElo "2061"]
[Annotator "NA"]
[PlyCount "108"]
[EventDate "2019.10.02"]
[EventType "swiss"]
[EventCountry "IND"]
[SourceTitle "playchess.com"]
[Source "ChessBase"]
[SourceQuality "1"]
[TimeControl "40/5400+30:1800+30"]

1. e4 d6 2. d4 Nf6 3. Nc3 e5 4. Nf3 Nbd7 5. Bc4 Be7 6. O-O O-O 7. Re1 c6 8. a4 a5 9. h3 Qc7 10. Qe2 {[%emt 0:02:19] C41: Philidor Defence} (10. Be3 Nb6 11. Ba2 Nfd7 12. Qe2 Bf6 13. d5 Be7 14. Rad1 Nf6 15. Nd2 Bd7 16. Nc4 Nxc4 17. Qxc4 Rac8 18. Qb3 cxd5 {1-0 (80) Howell,D (2644)-Maghsoodloo,P (2584) Doha 2016}) 10... exd4 11. Nxd4 Nc5 $146 ({Predecessor:} 11... Re8 12. Ba2 Nc5 13. Qf3 Ne6 14. Nxe6 Bxe6 15. Bf4 Bxa2 16. Rxa2 Nd7 17. Raa1 Ne5 18. Bxe5 dxe5 {½-½ (38) Mueller,M (2166)-Lantzsch,C (2242) Gau Algesheim 2011}) 12. Qf3 Be6 13. Bf1 Rae8 14. Bf4 Nfd7 15. Qg3 Ne5 16. Rad1 Kh8 17. Bc1 Ng6 18. Re3 Bh4 19. Qh2 Bg5 20. Ree1 Bxc1 21. Rxc1 Qb6 22. b3 Qb4 23. Nxe6 Rxe6 24. Qg3 Rfe8 25. Rcd1 $15 f5 26. Na2 Qb6 27. Rxd6 Rxd6 28. Qxd6 Nxe4 29. Qd2 h6 30. Qe3 Qxe3 31. Rxe3 Rd8 32. g4 Nd6 33. Bd3 f4 34. Rf3 Ne5 35. Rxf4 g5 36. Rf6 Kg7 37. Re6 Ndf7 38. Nc1 Nf3+ 39. Kg2 Nh4+ 40. Kg3 Rf8 41. Re7 Kf6 42. Rxb7 Nd6 43. Rh7 Ke6 44. Rxh6+ Ke5 45. Rh5 Rf3+ 46. Kh2 Rxf2+ 47. Kg1 Rd2 48. Ne2 Ne4 49. Rh8 Rd1+ 50. Kh2 Nf3+ 51. Kg2 Ne1+ 52. Kh2 Nf3+ 53. Kg2 Ne1+ 54. Kh2 Nxd3 1/2-1/2

[Event "WYCC U18 Girls 2019"]
[Site "Mumbai"]
[Date "2019.10.10"]
[Round "9.7"]
[White "Toshali, V."]
[Black "Serikbay, Assel"]
[Result "0-1"]
[ECO "D18"]
[WhiteElo "1868"]
[BlackElo "2208"]
[Annotator "NA"]
[PlyCount "110"]
[EventDate "2019.10.02"]
[EventType "swiss"]
[EventCountry "IND"]
[SourceTitle "playchess.com"]
[Source "ChessBase"]
[SourceQuality "1"]
[TimeControl "40/5400+30:1800+30"]

1. d4 d5 2. c4 c6 3. Nf3 Nf6 4. Nc3 dxc4 5. a4 Bf5 6. e3 e6 7. Bxc4 Bb4 8. O-O O-O 9. h3 Nbd7 10. Bd3 Bxd3 11. Qxd3 c5 12. b3 Qe7 13. Bb2 cxd4 14. Qxd4 e5 15. Qh4 e4 16. Nd4 Qe5 17. Rfd1 Rfc8 18. Rac1 Bd6 19. Ncb5 Rxc1 20. Rxc1 Qh2+ 21. Kf1 Bf8 22. Nf5 Qh1+ 23. Ke2 Qxg2 24. Qg3 Qxg3 25. Nxg3 a6 26. Na3 Re8 27. Nc4 Bb4 28. Rg1 g6 29. Nf5 Kf8 30. Nfd6 Rb8 31. a5 Ke7 32. Rd1 Nc5 33. Bxf6+ Kxf6 34. Rd4 Nxb3 35. Nxe4+ Ke7 36. Rd5 f6 37. Kd1 Rc8 38. Nb6 Rc1+ 39. Ke2 Nxa5 40. Rd7+ Ke6 41. Rxh7 Rc6 42. Na8 Be7 43. Rg7 Nc4 44. Kd3 Rc8 45. f4 b5 46. Rxg6 Rxa8 47. Rh6 Rd8+ 48. Ke2 b4 49. Ng5+ Kd7 50. Ne4 Kc6 51. h4 b3 52. h5 b2 53. Nc3 Rd2+ 54. Kf3 Rc2 55. Nb1 Rc1 0-1

[Event "WYCC U18 Girls 2019"]
[Site "Mumbai"]
[Date "2019.10.10"]
[Round "9.8"]
[White "Kucharska, Honorata"]
[Black "Andolfatto, Maria"]
[Result "1-0"]
[ECO "D02"]
[WhiteElo "2114"]
[BlackElo "2037"]
[Annotator "NA"]
[PlyCount "113"]
[EventDate "2019.10.02"]
[EventType "swiss"]
[EventCountry "IND"]
[SourceTitle "playchess.com"]
[Source "ChessBase"]
[SourceQuality "1"]
[TimeControl "40/5400+30:1800+30"]

1. d4 Nf6 2. Nf3 d5 3. Bf4 g6 4. e3 Bg7 5. Nc3 a6 6. h4 h5 7. Be2 b5 8. a3 Bb7 9. Ne5 Nbd7 10. Bf3 Ne4 11. Bxe4 dxe4 12. Qe2 Nxe5 13. dxe5 Qc8 14. O-O-O Qe6 15. Qd2 O-O 16. Qd7 Qc6 17. Qxc6 Bxc6 18. Nd5 Bxd5 19. Rxd5 Rfd8 20. Rhd1 Rxd5 21. Rxd5 Rc8 22. c4 e6 23. Rd7 Bf8 24. Kc2 b4 25. a4 Bc5 26. Bg5 Kf8 27. Bf6 Ke8 28. Rd1 a5 29. b3 Rb8 30. Rd2 Ra8 31. Kd1 Rc8 32. Ke2 Rb8 33. Rd1 Rc8 34. g4 hxg4 35. Rg1 Be7 36. Rxg4 Bxf6 37. exf6 Kd7 38. Rxe4 Kd6 39. Rg4 Rh8 40. f4 c5 41. Kf3 Rh5 42. e4 e5 43. fxe5+ Rxe5 44. Rg5 Re6 45. Rd5+ Kc6 46. e5 Re8 47. Rd6+ Kc7 48. Ke4 Rh8 49. Kd5 Rxh4 50. Kxc5 Re4 51. Kd5 Re3 52. Ra6 Rxb3 53. Rxa5 Ra3 54. e6 fxe6+ 55. Kxe6 Re3+ 56. Kf7 b3 57. Rb5 1-0

[Event "WYCC U18 Girls 2019"]
[Site "Mumbai"]
[Date "2019.10.10"]
[Round "9.9"]
[White "Muetsch, Annmarie"]
[Black "Hamedi Nia, Vesal"]
[Result "1-0"]
[ECO "C03"]
[WhiteElo "2266"]
[BlackElo "2057"]
[Annotator "NA"]
[PlyCount "107"]
[EventDate "2019.10.02"]
[EventType "swiss"]
[EventCountry "IND"]
[SourceTitle "playchess.com"]
[Source "ChessBase"]
[SourceQuality "1"]
[TimeControl "40/5400+30:1800+30"]

1. e4 e6 2. d4 d5 3. Nd2 Be7 4. Ngf3 Nf6 5. e5 Nfd7 6. Bd3 c5 7. c3 Nc6 8. O-O a5 9. a4 O-O 10. Nb1 b6 11. Bb5 Na7 12. Be2 Nc6 13. Na3 Ba6 14. Nb5 Na7 15. Bf4 c4 16. Nxa7 Rxa7 17. Qd2 b5 18. axb5 Bxb5 19. Bd1 Re8 20. Bc2 Nf8 21. Ng5 Qb6 22. h4 f6 23. exf6 gxf6 24. Nf3 Bd6 25. Rfe1 Ree7 26. Bxd6 Qxd6 27. Qh6 Rf7 28. Re3 Qd8 29. Rae1 Rg7 30. Qf4 Be8 31. Nh2 Bg6 32. Bd1 h5 33. Rg3 Kh7 34. Nf1 Rab7 35. Rge3 Be4 36. Bf3 Ng6 37. Bxe4 dxe4 38. Qxe4 Rxb2 39. Qxe6 Nxh4 40. Rg3 Rbb7 41. Qxc4 f5 42. Re5 Ra7 43. Qe2 Rg4 44. Nh2 Rg5 45. Nf3 Rg4 46. Nxh4 Qxh4 47. Rxf5 Rb7 48. Qd3 Kg7 49. Rxa5 Qe7 50. Re5 Qh4 51. Rxg4+ hxg4 52. g3 Qh6 53. Qf5 Qc1+ 54. Kg2 1-0

[Event "WYCC U18 Girls 2019"]
[Site "Mumbai"]
[Date "2019.10.10"]
[Round "9.10"]
[White "Khachatryan, Anna"]
[Black "Radeva, Viktoria"]
[Result "1/2-1/2"]
[ECO "B43"]
[WhiteElo "2044"]
[BlackElo "2277"]
[Annotator "ChessBase"]
[PlyCount "55"]
[EventDate "2019.10.02"]
[EventType "swiss"]
[EventCountry "IND"]
[SourceTitle "playchess.com"]
[Source "ChessBase"]
[SourceQuality "1"]
[TimeControl "40/5400+30:1800+30"]

1. e4 c5 2. Nf3 e6 3. d4 cxd4 4. Nxd4 a6 5. Nc3 Qc7 6. Qg4 Nf6 7. Qg3 Qxg3 8. hxg3 Bb4 9. e5 Ne4 10. a3 Bxc3+ 11. bxc3 d6 12. Bd3 dxe5 13. Bxe4 exd4 14. cxd4 Nc6 15. Bb2 Bd7 16. O-O-O h6 17. d5 exd5 18. Rxd5 Be6 19. Rdh5 O-O 20. R5h4 Rad8 21. g4 f6 22. f4 Nd4 23. Bd3 Nb3+ 24. Kb1 Nd2+ 25. Kc1 Nb3+ 26. Kb1 Nd2+ 27. Ka1 Nb3+ 28. Kb1 1/2-1/2

[Event "WYCC U18 Girls 2019"]
[Site "Mumbai"]
[Date "2019.10.10"]
[Round "9.11"]
[White "Shpanko, Nadiia"]
[Black "Laurincova, Kristyna"]
[Result "1-0"]
[ECO "B39"]
[WhiteElo "2213"]
[BlackElo "2006"]
[Annotator "ChessBase"]
[PlyCount "77"]
[EventDate "2019.10.02"]
[EventType "swiss"]
[EventCountry "IND"]
[SourceTitle "playchess.com"]
[Source "ChessBase"]
[SourceQuality "1"]
[TimeControl "40/5400+30:1800+30"]

1. e4 c5 2. Nf3 Nc6 3. d4 cxd4 4. Nxd4 g6 5. c4 Bg7 6. Be3 Nf6 7. Nc3 Ng4 8. Qxg4 Nxd4 9. Qd1 Ne6 10. Rc1 O-O 11. Bd3 b6 12. b4 Bb7 13. O-O f5 14. exf5 gxf5 15. Qc2 f4 16. Bxh7+ Kh8 17. Bd2 Nd4 18. Qd3 f3 19. g3 d5 20. Qg6 Qe8 21. cxd5 Ba6 22. Rfe1 Rf6 23. Qxe8+ Rxe8 24. Be4 Ref8 25. Bg5 R6f7 26. h4 Ne2+ 27. Nxe2 fxe2 28. Be3 Be5 29. a4 Rg8 30. Kh2 Rg4 31. f4 Rfg7 32. Rg1 Bb2 33. Rb1 Bc3 34. Bf2 Kg8 35. b5 Bb7 36. Bf3 R4g6 37. Bxe2 Bxd5 38. Rbc1 Re6 39. Bd3 1-0

[Event "WYCC U18 Girls 2019"]
[Site "Mumbai"]
[Date "2019.10.10"]
[Round "9.12"]
[White "Cervantes Landeiro, Thalia"]
[Black "Golub, Nikolina"]
[Result "1-0"]
[ECO "E43"]
[WhiteElo "2176"]
[BlackElo "1899"]
[Annotator "NA"]
[PlyCount "125"]
[EventDate "2019.10.02"]
[EventType "swiss"]
[EventCountry "IND"]
[SourceTitle "playchess.com"]
[Source "ChessBase"]
[SourceQuality "1"]
[TimeControl "40/5400+30:1800+30"]

1. d4 e6 2. c4 Nf6 3. Nc3 Bb4 4. e3 b6 5. Bd3 d5 6. Qa4+ Nc6 7. Qxc6+ Bd7 8. Qb7 a5 9. cxd5 Rb8 10. Qa6 exd5 11. Bb5 c6 12. Bxc6 Bxc6 13. Qd3 Qd7 14. Nge2 Bb5 15. Qc2 Rc8 16. O-O O-O 17. Re1 a4 18. Bd2 Ne4 19. a3 Ba5 20. Rac1 Nxd2 21. Qxd2 Bc4 22. Nf4 Rfe8 23. Nd3 f6 24. Nf4 Rcd8 25. Qd1 Bb3 26. Qf3 Bc4 27. h3 b5 28. Red1 Bb3 29. Re1 Bc4 30. Nh5 Kh8 31. Ng3 Bb3 32. Nf1 Bc4 33. Nd2 Bd3 34. Red1 Bg6 35. Qe2 Rb8 36. Na2 Bb6 37. Qf3 Qf5 38. Qxf5 Bxf5 39. Nb4 Be6 40. Rc6 Ba5 41. Rdc1 Bxb4 42. axb4 Bf5 43. R1c5 Red8 44. f3 Bd3 45. Kf2 Kg8 46. Rc7 Kf8 47. e4 dxe4 48. Ke3 Bc4 49. fxe4 Bf7 50. Ra7 Rdc8 51. d5 Be8 52. Kd4 Ra8 53. Rxa8 Rxa8 54. Nb1 Ra7 55. Nc3 Rb7 56. d6 Rb6 57. e5 fxe5+ 58. Kxe5 Bd7 59. Nd5 Rb8 60. Rc7 Ke8 61. Kd4 h6 62. Kc5 Ra8 63. Rxd7 1-0

[Event "WYCC U18 Girls 2019"]
[Site "Mumbai"]
[Date "2019.10.10"]
[Round "9.13"]
[White "Jyothsna L"]
[Black "Tarini Goyal"]
[Result "1/2-1/2"]
[ECO "A46"]
[WhiteElo "1995"]
[BlackElo "2128"]
[Annotator "ChessBase"]
[PlyCount "50"]
[EventDate "2019.10.02"]
[EventType "swiss"]
[EventCountry "IND"]
[SourceTitle "playchess.com"]
[Source "ChessBase"]
[SourceQuality "1"]
[TimeControl "40/5400+30:1800+30"]

1. d4 Nf6 2. Nf3 d5 3. c4 e6 4. cxd5 exd5 5. Nc3 Be7 6. Bg5 c6 7. Qc2 g6 8. e3 Bf5 9. Bd3 Bxd3 10. Qxd3 Nbd7 11. O-O O-O 12. h3 Re8 13. Bf4 Nb6 14. Ne5 Nfd7 15. Nxd7 Qxd7 16. Rab1 a5 17. Rfe1 f5 18. Be5 Bd6 19. f4 Qe7 20. Nd1 Qd7 21. Nc3 Qe7 22. Nd1 Qd7 23. Nc3 Qe7 24. Nd1 Qd7 25. Nc3 Qe7 1/2-1/2

[Event "WYCC U18 Girls 2019"]
[Site "Mumbai"]
[Date "2019.10.10"]
[Round "9.14"]
[White "Sanskriti Goyal"]
[Black "Aciu, Malina-Andreea"]
[Result "1/2-1/2"]
[ECO "D31"]
[WhiteElo "1980"]
[BlackElo "2076"]
[Annotator "NA"]
[PlyCount "82"]
[EventDate "2019.10.02"]
[EventType "swiss"]
[EventCountry "IND"]
[SourceTitle "playchess.com"]
[Source "ChessBase"]
[SourceQuality "1"]
[TimeControl "40/5400+30:1800+30"]

1. d4 d5 2. c4 e6 3. Nc3 a6 4. cxd5 exd5 5. Nf3 c6 6. Bf4 Bd6 7. Bxd6 Qxd6 8. e4 dxe4 9. Nxe4 Qe7 10. Qe2 Be6 11. Nc5 Bc8 12. O-O-O Qxe2 13. Bxe2 Nf6 14. Bc4 O-O 15. Rhe1 b6 16. Nd3 a5 17. a3 Ba6 18. Ba2 Nbd7 19. Nde5 h6 20. Nxc6 Rac8 21. d5 Nb8 22. Kb1 Nxc6 23. dxc6 Rxc6 24. Ne5 Rc7 25. Rd6 Re8 26. f4 Kh7 27. Red1 Be2 28. R1d4 Bh5 29. Bb3 b5 30. Bc2+ Kg8 31. Rb6 Rc5 32. b4 axb4 33. axb4 Rd5 34. Rd6 Rxd4 35. Rxd4 Ng4 36. Nxg4 Bxg4 37. Re4 Kf8 38. Kb2 Rxe4 39. Bxe4 Ke7 40. Kc3 Kd6 41. Kd4 Be2 1/2-1/2

[Event "WYCC U18 Girls 2019"]
[Site "Mumbai"]
[Date "2019.10.11"]
[Round "10.1"]
[White "Schulze, Lara"]
[Black "Shuvalova, Polina"]
[Result "0-1"]
[ECO "C54"]
[WhiteElo "2327"]
[BlackElo "2412"]
[Annotator "NA"]
[PlyCount "127"]
[EventDate "2019.10.02"]
[EventType "swiss"]
[EventCountry "IND"]
[SourceTitle "playchess.com"]
[Source "ChessBase"]
[SourceQuality "1"]
[TimeControl "40/5400+30:1800+30"]

1. e4 e5 2. Nf3 Nc6 3. Bc4 Bc5 4. c3 Nf6 5. d3 O-O 6. O-O d5 7. exd5 Nxd5 8. a4 {[%emt 0:00:15] C54: Giuoco Piano: 4 c3 Nf6, main lines with 5 d4 and 5 d3} a5 9. Nbd2 Nb6 10. Bb5 Bd6 11. Re1 Bg4 12. h3 $146 ({Predecessor:} 12. Ne4 Na7 13. h3 {0-1 (58) Vachier Lagrave,M (2789)-So,W (2778) Paris 2018}) 12... Bh5 13. Ne4 Na7 14. d4 Nxb5 15. axb5 exd4 16. Nxd6 Qxd6 17. g4 Bg6 18. Qxd4 Qxd4 19. Nxd4 a4 20. Bf4 Rfc8 21. b3 Nd5 22. Bd2 axb3 23. Nxb3 Bd3 24. Nc5 Bxb5 25. Nxb7 Rxa1 26. Rxa1 h6 27. Rc1 Nf6 $11 28. c4 Bc6 29. Nc5 Ra8 30. Kh2 Ra2 31. Be3 h5 32. gxh5 Nxh5 33. Nd3 Be4 34. Nb4 Rb2 35. Nd5 c6 36. Nc3 Bf3 37. Rb1 Rc2 38. Rc1 Rxc1 39. Bxc1 Kf8 40. Ba3+ Ke8 41. Nb1 Kd7 42. Nd2 Be2 43. f3 Ke6 44. Kg2 Bd3 45. Kf2 g5 46. Ke3 Bf5 47. Nb3 Bxh3 48. Nd4+ Kd7 49. Ke4 f6 50. Nf5 Bf1 51. c5 Nf4 52. Nd4 Bd3+ 53. Ke3 Bb1 54. Ne2 Nd5+ 55. Kd4 Bc2 56. Nc3 Ne7 57. Ke3 Ke6 58. Bb2 f5 59. Ne2 f4+ 60. Kd4 Bd1 61. Ng1 Nf5+ 62. Kd3 Nh4 63. Nh3 Kf5 64. Kd4 {Ke5+} 0-1

[Event "WYCC U18 Girls 2019"]
[Site "Mumbai"]
[Date "2019.10.11"]
[Round "10.2"]
[White "Vantika Agrawal"]
[Black "Yan, Tianqi"]
[Result "1-0"]
[ECO "B40"]
[WhiteElo "2283"]
[BlackElo "2236"]
[Annotator "NA"]
[PlyCount "83"]
[EventDate "2019.10.02"]
[EventType "swiss"]
[EventCountry "IND"]
[SourceTitle "playchess.com"]
[Source "ChessBase"]
[SourceQuality "1"]
[TimeControl "40/5400+30:1800+30"]

1. e4 c5 2. Nf3 e6 3. g3 Nc6 4. Bg2 Nf6 5. Qe2 d5 6. exd5 Nxd5 7. O-O Be7 8. Rd1 e5 9. c3 Bg4 10. h3 Bxf3 11. Qxf3 Nf6 12. Qe2 Nd5 13. d4 exd4 14. cxd4 cxd4 15. Qb5 Nb6 16. Bxc6+ bxc6 17. Qxc6+ Qd7 18. Qxd7+ Nxd7 19. Rxd4 Nc5 20. Nc3 O-O 21. Nd5 Bd8 22. Be3 Ne6 23. Rc4 Re8 24. b4 Ng5 25. Kg2 Ne4 26. Rd1 Nd6 27. Nf6+ Bxf6 28. Rxd6 Re7 29. Ra6 h5 30. b5 Rb8 31. a4 Rbb7 32. Rc8+ Kh7 33. Ra8 h4 34. g4 Re4 35. R6xa7 Rxa7 36. Rxa7 Kg6 37. a5 Rb4 38. Rb7 Be5 39. a6 f5 40. gxf5+ Kxf5 41. a7 Ra4 42. Rb8 1-0

[Event "WYCC U18 Girls 2019"]
[Site "Mumbai"]
[Date "2019.10.11"]
[Round "10.3"]
[White "Obolentseva, Alexandra"]
[Black "Urh, Zala"]
[Result "1/2-1/2"]
[ECO "A22"]
[WhiteElo "2282"]
[BlackElo "2105"]
[Annotator "NA"]
[PlyCount "67"]
[EventDate "2019.10.02"]
[EventType "swiss"]
[EventCountry "IND"]
[SourceTitle "playchess.com"]
[Source "ChessBase"]
[SourceQuality "1"]
[TimeControl "40/5400+30:1800+30"]

1. c4 e5 2. Nc3 Nf6 3. g3 d5 4. cxd5 Nxd5 5. Bg2 Nb6 6. e3 Nc6 7. Nge2 Be7 8. O-O O-O 9. f4 exf4 10. Nxf4 Ne5 11. d4 Ng6 12. Nd3 Nd7 13. Qb3 c5 14. Bd5 Nf6 15. dxc5 Nxd5 16. Nxd5 Bh3 17. Re1 Rc8 18. e4 Bxc5+ 19. Nxc5 Rxc5 20. Be3 Rc8 21. Bxa7 Re8 22. Bd4 Qd7 23. Qf3 Rc6 24. Bc3 Nh4 25. gxh4 Rg6+ 26. Kf2 Rg2+ 27. Ke3 Qxd5 28. Rad1 Qc5+ 29. Rd4 Qc8 30. Kd3 Qg4 31. Qxg4 Bxg4 32. Rd5 f6 33. Rb5 Re7 34. Re3 1/2-1/2

[Event "WYCC U18 Girls 2019"]
[Site "Mumbai"]
[Date "2019.10.11"]
[Round "10.4"]
[White "Kucharska, Honorata"]
[Black "Munkhzul, Turmunkh"]
[Result "1/2-1/2"]
[ECO "B50"]
[WhiteElo "2114"]
[BlackElo "2332"]
[Annotator "NA"]
[PlyCount "144"]
[EventDate "2019.10.02"]
[EventType "swiss"]
[EventCountry "IND"]
[SourceTitle "playchess.com"]
[Source "ChessBase"]
[SourceQuality "1"]
[TimeControl "40/5400+30:1800+30"]

1. e4 c5 2. Nf3 d6 3. Nc3 Nf6 4. e5 dxe5 5. Nxe5 a6 6. g3 Qc7 7. d4 cxd4 8. Qxd4 Nc6 9. Nxc6 Qxc6 10. Bg5 Be6 11. O-O-O h6 12. Bf4 Bg4 13. Be2 Bxe2 14. Nxe2 e6 15. Qd3 Be7 16. Nd4 Qd5 17. Nxe6 Qxe6 18. Rhe1 Qc6 19. Bd6 O-O 20. Bxe7 Rfc8 21. Re2 Rc7 22. Bxf6 Qxf6 23. f4 Rac8 24. Kb1 Qc6 25. Rde1 b5 26. g4 Rf8 27. Qe4 Qd7 28. g5 Rc4 29. Qe5 Rd4 30. Rc1 Rd5 31. Qe3 h5 32. Qe4 Rd4 33. Qf3 g6 34. Re5 Qd6 35. Qe3 Rd5 36. Re4 Rd8 37. a3 Rd1 38. Re8+ Rxe8 39. Qxe8+ Kg7 40. Qe3 Rd4 41. Rf1 Qc5 42. Rc1 Qd6 43. Rf1 Qc5 44. Rc1 a5 45. Ka1 Qd6 46. Rf1 b4 47. axb4 axb4 48. Kb1 Qc5 49. Qe2 Qf5 50. Qe3 Re4 51. Qd2 Kh7 52. b3 Kg7 53. Rf2 h4 54. Rf3 Qe6 55. Rf1 Qg4 56. Qd6 Qf5 57. Qd2 Qh3 58. Rf2 Qg4 59. Kb2 Qg1 60. Rg2 Qf1 61. Rf2 Qg1 62. Rg2 Qf1 63. Rf2 Qb5 64. Qd6 Qf5 65. Qd2 Qe6 66. Rf1 Qf5 67. Rf2 Qc5 68. Rf1 Re3 69. Kb1 Qe7 70. Qd4+ Kg8 71. Kb2 Re4 72. Qd5 Qe6 1/2-1/2

[Event "WYCC U18 Girls 2019"]
[Site "Mumbai"]
[Date "2019.10.11"]
[Round "10.5"]
[White "Makhija, Aashna"]
[Black "Serikbay, Assel"]
[Result "0-1"]
[ECO "B41"]
[WhiteElo "2084"]
[BlackElo "2208"]
[Annotator "NA"]
[PlyCount "106"]
[EventDate "2019.10.02"]
[EventType "swiss"]
[EventCountry "IND"]
[SourceTitle "playchess.com"]
[Source "ChessBase"]
[SourceQuality "1"]
[TimeControl "40/5400+30:1800+30"]

1. e4 c5 2. Nf3 e6 3. d4 cxd4 4. Nxd4 a6 5. c4 Nf6 6. Nc3 Qc7 7. a3 b6 8. Be3 Bb7 9. f3 Be7 10. Be2 d6 11. O-O O-O 12. Rc1 Nbd7 13. Qd2 Rac8 14. b4 Qb8 15. Rfd1 Rfd8 16. Bf1 h5 17. Nb3 Bc6 18. Qf2 Re8 19. a4 Bd8 20. Bf4 Bc7 21. Rd2 Ne5 22. Bxe5 dxe5 23. Rb1 Rcd8 24. Rxd8 Qxd8 25. c5 bxc5 26. bxc5 Qa8 27. Qe2 Bb7 28. Kh1 Rd8 29. Rd1 h4 30. Rd2 Nh5 31. Qd1 g6 32. Rxd8+ Bxd8 33. Qd6 Qc8 34. Nd1 Bc7 35. Qe7 Bc6 36. Nc3 Qb8 37. Bc4 Qb4 38. Bxe6 fxe6 39. Qxe6+ Kh7 40. Qe7+ Ng7 41. Qxc7 Qxc3 42. h3 Bxa4 43. Na5 Bb5 44. Nb7 Qe1+ 45. Kh2 Qg3+ 46. Kg1 Be2 47. Qf7 Qe1+ 48. Kh2 Bf1 49. Qa2 Ne6 50. c6 Kh6 51. Nd8 Nd4 52. Nf7+ Kh5 53. c7 Ne2 0-1

[Event "WYCC U18 Girls 2019"]
[Site "Mumbai"]
[Date "2019.10.11"]
[Round "10.6"]
[White "Cervantes Landeiro, Thalia"]
[Black "Afonasieva, Anna"]
[Result "0-1"]
[ECO "D70"]
[WhiteElo "2176"]
[BlackElo "2312"]
[Annotator "NA"]
[PlyCount "62"]
[EventDate "2019.10.02"]
[EventType "swiss"]
[EventCountry "IND"]
[SourceTitle "playchess.com"]
[Source "ChessBase"]
[SourceQuality "1"]
[TimeControl "40/5400+30:1800+30"]

1. d4 Nf6 2. c4 g6 3. f3 d5 4. cxd5 Nxd5 5. e4 Nb6 6. Nc3 Bg7 7. Be3 O-O 8. Qd2 Nc6 9. O-O-O Qd6 10. Kb1 Rd8 11. Nb5 Qd7 12. d5 Ne5 13. Qc2 c6 14. Nxa7 Rxa7 15. Bxb6 Ra8 16. Bxd8 Qxd8 17. Ne2 cxd5 18. Nc3 d4 19. Nb5 Be6 20. a3 Rc8 21. Qa4 d3 22. Be2 Bh6 23. f4 Bxf4 24. Nd4 dxe2 25. Nxe2 Bd2 26. Nd4 Rc4 27. Qb5 Qxd4 28. Qxb7 Qd6 29. Rhe1 Qd3+ 30. Ka1 Bxe1 31. Qb8+ Rc8 0-1

[Event "WYCC U18 Girls 2019"]
[Site "Mumbai"]
[Date "2019.10.11"]
[Round "10.7"]
[White "Nomindalai Tumurbaatar"]
[Black "Sliwicka, Alicja"]
[Result "1-0"]
[ECO "A40"]
[WhiteElo "2061"]
[BlackElo "2307"]
[Annotator "NA"]
[PlyCount "123"]
[EventDate "2019.10.02"]
[EventType "swiss"]
[EventCountry "IND"]
[SourceTitle "playchess.com"]
[Source "ChessBase"]
[SourceQuality "1"]
[TimeControl "40/5400+30:1800+30"]

1. d4 g6 2. Bf4 Bg7 3. e3 d6 4. Be2 Nd7 5. Nf3 e5 6. Bg3 Nh6 7. Bh4 f6 8. dxe5 dxe5 9. Nc3 O-O 10. e4 Nf7 11. Bc4 Qe7 12. Nd5 Qd6 13. Qe2 c6 14. Nc3 Nc5 15. Rd1 Qc7 16. Bg3 b5 17. Bxf7+ Qxf7 18. Qe3 Qe7 19. O-O Be6 20. Nd2 Rad8 21. f3 Rfe8 22. Bf2 Bf8 23. Nb3 Bxb3 24. axb3 a5 25. Rxd8 Rxd8 26. Ra1 Qc7 27. Kf1 Kg7 28. Qe2 Ne6 29. Rd1 Nd4 30. Qd2 Be7 31. Qc1 b4 32. Ne2 c5 33. Bxd4 cxd4 34. Rd3 Qb6 35. Ng3 Rc8 36. Qd1 Qc5 37. Rd2 Bd8 38. Qe2 Bb6 39. Qd3 Ra8 40. Rd1 Rc8 41. Rd2 h5 42. Ke2 Rc6 43. Nh1 Bd8 44. Nf2 Be7 45. Kd1 Kh7 46. g4 Bf8 47. gxh5 gxh5 48. f4 Bh6 49. Qh3 Qe7 50. Qf5+ Kg7 51. Nd3 exf4 52. Rg2+ Kh8 53. Nxf4 Qc5 54. Ng6+ Kg8 55. Ne7+ Kf8 56. Nxc6 Qxc6 57. Qg6 Bf4 58. Qg8+ Ke7 59. Rg7+ Kd6 60. Qf8+ Ke5 61. Re7+ Kd6 62. Qxf6+ {[%emt 0:00:04] Kd5} 1-0

[Event "WYCC U18 Girls 2019"]
[Site "Mumbai"]
[Date "2019.10.11"]
[Round "10.8"]
[White "Shpanko, Nadiia"]
[Black "Muetsch, Annmarie"]
[Result "1/2-1/2"]
[ECO "E73"]
[WhiteElo "2213"]
[BlackElo "2266"]
[Annotator "NA"]
[PlyCount "203"]
[EventDate "2019.10.02"]
[EventType "swiss"]
[EventCountry "IND"]
[SourceTitle "playchess.com"]
[Source "ChessBase"]
[SourceQuality "1"]
[TimeControl "40/5400+30:1800+30"]

1. d4 Nf6 2. c4 g6 3. Nc3 Bg7 4. e4 d6 5. Be2 O-O 6. Be3 e5 7. d5 Na6 8. g4 Nc5 9. f3 h5 10. g5 Nh7 11. h4 f6 12. gxf6 Bxf6 13. Bf2 Be7 14. Kd2 c6 15. Kc2 cxd5 16. Qxd5+ Be6 17. Qd2 Rc8 18. Rd1 b5 19. Bxc5 Rxc5 20. cxb5 Qd7 21. Kb1 Kg7 22. Bf1 Rf7 23. b4 Rc8 24. Nd5 Bd8 25. a4 Nf8 26. Qd3 Rb8 27. Ne2 Bxd5 28. Qxd5 Rxf3 29. Nc1 Be7 30. Bc4 Kh6 31. Rdf1 Rf6 32. Nd3 Qb7 33. Rxf6 Qxd5 34. Rxg6+ Nxg6 35. Bxd5 Bxh4 36. Bc6 Be7 37. a5 Bd8 38. b6 a6 39. Nb2 Ne7 40. Bd7 Bxb6 41. axb6 Rxb6 42. Nd3 d5 43. Be8 dxe4 44. Rxh5+ Kg7 45. Rxe5 Ng8 46. Rxe4 Nf6 47. Re5 Nxe8 48. Rxe8 a5 49. Re4 axb4 50. Nxb4 Kg6 51. Kc2 Kf5 52. Rc4 Rd6 53. Nd3 Rd8 54. Kd2 Rd7 55. Rf4+ Kg5 56. Re4 Kf6 57. Rb4 Kf5 58. Ke3 Rd5 59. Rf4+ Ke6 60. Rh4 Kf6 61. Rh6+ Kg5 62. Rh1 Ra5 63. Rg1+ Kf5 64. Rf1+ Ke6 65. Nf4+ Ke5 66. Nd3+ Ke6 67. Rh1 Kf6 68. Nf4 Ra3+ 69. Ke4 Ra4+ 70. Kf3 Kg7 71. Kg4 Rb4 72. Rd1 Ra4 73. Rd5 Kf6 74. Rb5 Ke7 75. Rb6 Kd7 76. Kf5 Ra1 77. Nd3 Rd1 78. Ke4 Ke7 79. Rh6 Rd2 80. Nc5 Re2+ 81. Kd5 Rd2+ 82. Ke5 Re2+ 83. Ne4 Re1 84. Rh7+ Kd8 85. Kd5 Rd1+ 86. Kc6 Rc1+ 87. Nc5 Ke8 88. Ra7 Rc2 89. Kd5 Rd2+ 90. Ke5 Re2+ 91. Ne4 Re1 92. Kd5 Kd8 93. Nf6 Rd1+ 94. Ke6 Re1+ 95. Kd6 Rd1+ 96. Nd5 Ke8 97. Re7+ Kf8 98. Rh7 Ke8 99. Rh3 Kf7 100. Rf3+ Kg6 101. Ke6 Re1+ 102. Ne3 1/2-1/2

[Event "WYCC U18 Girls 2019"]
[Site "Mumbai"]
[Date "2019.10.11"]
[Round "10.9"]
[White "Hng, Mei-En Emmanuelle"]
[Black "Harshini A"]
[Result "1/2-1/2"]
[ECO "A09"]
[WhiteElo "2002"]
[BlackElo "2230"]
[Annotator "NA"]
[PlyCount "97"]
[EventDate "2019.10.02"]
[EventType "swiss"]
[EventCountry "IND"]
[SourceTitle "playchess.com"]
[Source "ChessBase"]
[SourceQuality "1"]
[TimeControl "40/5400+30:1800+30"]

1. Nf3 d5 2. c4 d4 3. d3 c5 4. g3 Nc6 5. Bg2 Nf6 6. O-O g6 7. e3 Bg7 8. exd4 cxd4 9. Re1 Nd7 10. a3 a5 11. Nbd2 a4 12. b4 axb3 13. Nxb3 O-O 14. Bd2 Re8 15. Ng5 h6 16. Ne4 Kh7 17. Qe2 Qc7 18. Bb4 Nf6 19. Bd6 Qb6 20. Nxf6+ Bxf6 21. Reb1 Bf5 22. Bc5 Qd8 23. Nd2 Qd7 24. Rb5 e5 25. Rab1 Rab8 26. Ne4 Be7 27. Bxe7 Qxe7 28. Qb2 Nd8 29. Qb4 Qxb4 30. R1xb4 Re7 31. g4 Bc8 32. Nf6+ Kg7 33. Nd5 Re8 34. Nc7 Re7 35. Nd5 Re8 36. h3 f5 37. Nc7 Re7 38. Nd5 Re8 39. Nc7 Re7 40. Nd5 Re8 41. Rc5 Ne6 42. Ra5 fxg4 43. hxg4 Nd8 44. Rc5 Ne6 45. Ra5 Nd8 46. Rc5 Ne6 47. Ra5 Ng5 48. Ra7 Ne6 49. Ra5 1/2-1/2